AoeStats
← keno.arevaloeg

Black Forest

509971751Analyzed
3v3 RM · 5d ago on Sep 28, 2026· 69m 44s· 6 players
Game mode
Random Map
Map size
Normal (6 player)
Population
200
Speed
Normal
Resources
Standard
Victory
Conquest
Starting age
Dark Age
Ending age
Imperial Age
RankedLock teamsTeams togetherTeam positionsShared explorationLock speedFull tech treeHidden civsTurbo modeCheats
Victory
Defeat
🇺🇸 Franks · United States
764
+17
🇧🇷 Inca · Brazil
757
+18
🇲🇽 Britons · Mexico
756
+18
🇧🇷 Vikings · Brazil
963
-24
🇧🇷 Khmer · Brazil
730
-15
🇧🇷 Chinese · Brazil
697
-14
Cypress Fever
0:27 Loom
19:20 Feudal Age
21:33 Double-Bit Axe
21:47 Man-at-Arms
22:14 Arson
27:24 Wheelbarrow
29:43 Castle Age
28:17 Gold Mining
28:18 Stone Mining
34:53 Hand Cart
35:41 Long Swordsman
50:22 Light Cavalry
56:13 Imperial Age
55:46 Forging
55:46 Scale Barding Armor
56:03 Husbandry
57:09 Cavalier
58:30 Paladin
60:50 Chivalry
61:13 Conscription
69:43 Iron Casting
69:28 Chain Barding Armor
keno.arevaloeg
13:09 Feudal Age
15:11 Wheelbarrow
14:24 Double-Bit Axe
14:22 Horse Collar
16:56 Gold Mining
16:57 Stone Mining
18:25 Fletching
18:36 Padded Archer Armor
22:30 Castle Age
22:48 Crossbowman
24:47 Leather Archer Armor
24:35 Bodkin Arrow
26:42 Hand Cart
28:34 Caravan
29:33 Heavy Plow
29:47 Bow Saw
30:17 Gold Shaft Mining
34:58 Imperial Age
35:14 Ballistics
35:15 Murder Holes
36:13 Elite Skirmisher
36:16 Arbalester
39:32 Chemistry
38:43 Heavy Mounted Crossbowman
40:44 Ring Archer Armor
40:14 Bracer
48:09 Elite Longbowman
theilor.taiariol
10:20 Feudal Age
10:58 Double-Bit Axe
10:55 Horse Collar
11:06 Horse Collar
12:00 Champi Runner
15:17 Gold Mining
18:06 Scale Mail Armor
24:23 Castle Age
23:01 Forging
24:36 Champi Warrior
25:30 Squires
26:46 Bow Saw
41:40 Imperial Age
42:51 Elite Champi Warrior
42:54 Elite Kamayuk
43:04 Capped Ram
45:50 Siege Ram
51:38 Caravan
53:32 Conscription
53:14 Andean Sling
54:05 Coinage
54:13 Coinage
55:52 Heavy Scorpion
58:55 Chemistry
58:16 Ballistics
57:58 Padded Archer Armor
iSorry
0:31 Loom
15:29 Feudal Age
16:06 Double-Bit Axe
22:57 Castle Age
21:16 Horse Collar
22:14 Stone Mining
22:16 Gold Mining
23:24 Forging
23:58 Scale Mail Armor
24:03 Caravan
24:41 Iron Casting
26:47 Fletching
28:43 Bow Saw
28:36 Heavy Plow
28:36 Town Watch
31:06 Chain Mail Armor
33:37 Squires
33:36 Bodkin Arrow
41:01 Chieftains
41:30 Town Patrol
42:40 Elite Skirmisher
44:26 Padded Archer Armor
46:33 Leather Archer Armor
50:59 Imperial Age
49:30 Gold Shaft Mining
52:52 Blast Furnace
52:23 Plate Mail Armor
52:01 Elite Varangian Guard
53:40 Heavy Scorpion
53:41 Capped Ram
55:47 Conscription
56:28 Ring Archer Armor
56:12 Siege Ram
56:19 Pikeman
58:37 Bogsveigar
58:31 Elite Berserk
60:45 Two-Man Saw
63:21 Crop Rotation
62:55 Bracer
Jorjão
0:40 Loom
13:55 Feudal Age
16:30 Wheelbarrow
16:22 Gold Mining
18:10 Double-Bit Axe
20:25 Town Watch
20:59 Stone Mining
23:20 Horse Collar
26:41 Castle Age
28:40 Padded Archer Armor
28:30 Fletching
29:22 Hand Cart
30:58 Heavy Plow
31:28 Pikeman
32:08 Squires
31:55 Arson
32:23 Elite Skirmisher
34:41 Town Patrol
35:24 Scale Mail Armor
35:35 Forging
37:29 Bow Saw
40:45 Imperial Age
38:43 Chain Mail Armor
39:03 Iron Casting
40:11 Ballistics
40:10 Leather Archer Armor
39:50 Bodkin Arrow
42:18 Elite Chu Ko Nu
43:20 Conscription
43:21 Rocketry
44:37 Chemistry
44:10 Ring Archer Armor
43:41 Bracer
47:03 Fortified Wall
47:03 Masonry
46:49 Murder Holes
46:58 Great Wall
48:35 Gold Shaft Mining
49:09 Thumb Ring
48:27 Halberdier
49:44 Plate Mail Armor
50:14 Blast Furnace
53:15 Architecture
58:01 Caravan
65:20 Scale Barding Armor
65:18 Husbandry
65:31 Bloodlines
Diego-NA
0:50 Loom
12:48 Feudal Age
13:26 Double-Bit Axe
15:28 Wheelbarrow
23:42 Castle Age
22:20 Horse Collar
23:21 Stone Mining
23:22 Gold Mining
34:17 Fortified Wall
36:21 Pikeman
39:05 Forging
39:01 Scale Barding Armor
40:00 Scale Mail Armor
42:01 Bow Saw
51:20 Imperial Age
54:25 Caravan
59:35 Chain Barding Armor
59:31 Chain Mail Armor
59:51 Iron Casting
58:41 Elite Skirmisher
59:45 Heavy Scorpion
59:46 Capped Ram
61:04 Crossbowman
63:37 Onager
65:03 Padded Archer Armor
66:20 Husbandry
67:55 Cavalier
68:43 Light Cavalry
Connection lost

Rejoining the realm…

Still unreachable

The connection could not be restored.

Session expired

The server has moved on; the page needs a fresh start.